 Dungeon Crawl Stone Soup version 0.18-a0-946-g3ac5b32 (webtiles) character file.

354 filipzpl the Skirmisher (level 6, 0/57 HPs)
             Began as a Minotaur Fighter on Dec 29, 2015.
             Slain by a giant frog (2 damage)
             ... in a sewer.
             The game lasted 00:04:40 (2521 turns).

filipzpl the Skirmisher (Minotaur Fighter)          Turns: 2521, Time: 00:04:41

Health: 0/57       AC:  7    Str: 23    XL:     6   Next: 35%
Magic:  5/5        EV:  7    Int:  5    God:
Gold:   178        SH:  9    Dex:  9    Spells: 0 memorised, 5 levels left

rFire  . . .     SeeInvis .     a - +0 war axe
rCold  . . .     Gourm    .     b - +0 scale mail
rNeg   . . .     Faith    .     c - +0 shield
rPois  .         Spirit   .     (helmet restricted)
rElec  .         Dismiss  .     (no cloak)
rCorr  .         Reflect  .     (no gloves)
SustAt .         Harm     .     (no boots)
MR     .....                    (no amulet)
Stlth  ..........               (no ring)
                                (no ring)

@: not resistant to hostile enchantments, extremely unstealthy
A: retaliatory headbutt, horns 2
a: no special abilities


You were in a sewer.
You were very hungry.

You visited 1 branch of the dungeon, and saw 3 of its levels.
You also visited: Sewer.

You collected 178 gold pieces.

Inventory:

Hand Weapons
 a - a +0 war axe (weapon)
Armour
 b - a +0 scale mail (worn)
 c - a +0 shield (worn)
Jewellery
 p - a +3 ring of protection {unknown}
 s - an uncursed amulet of the gourmand {unknown}
Wands
 o - a wand of random effects (25/48)
Scrolls
 e - a scroll of enchant weapon {unknown}
 h - 3 scrolls of fear {unknown}
 j - 2 scrolls of remove curse {unknown}
 k - 6 scrolls of identify {unknown}
 l - a scroll of amnesia {unknown}
 m - 2 scrolls of random uselessness {unknown}
 n - a scroll of immolation {unknown}
Potions
 d - a potion of might
 g - 2 potions of heal wounds {unknown}
 q - a potion of flight {unknown}
 t - 2 potions of cure mutation {unknown}
Books
 r - a book of Changes

   Spells                             Type                      Level
   a - Beastly Appendage              Transmutation                1
   b - Sticks to Snakes               Transmutation                2
   c - Spider Form                    Transmutation/Poison         3
   d - Ice Form                       Ice/Transmutation            4
   e - Blade Hands                    Transmutation                5
Comestibles
 f - a bread ration
 i - a slice of pizza
 u - a meat ration


   Skills:
 * Level 5.9 Fighting
 * Level 5.5 Axes
 + Level 5.1 Armour
 - Level 3.6 Shields


You had 5 spell levels left.
You didn't know any spells.

Dungeon Overview and Level Annotations

Branches:
Dungeon (3/15)

Altars:
Ashenzari
Elyvilon
Makhleb
Pakellas


Innate Abilities, Weirdness & Mutations

You reflexively headbutt those who attack you in melee.
You have a pair of horns on your head.


Message History

The giant frog hits you!
* * * LOW HITPOINT WARNING * * *
You are too injured to fight recklessly!
You are too injured to fight recklessly!
Your unstable footing causes you to fumble your attack.
The giant frog hits you.
* * * LOW HITPOINT WARNING * * *
You block the giant frog's attack.
You hit the giant frog.
The giant frog is severely wounded.
You block the giant frog's attack. x2
Your unstable footing causes you to fumble your attack.
The giant frog hits you.
* * * LOW HITPOINT WARNING * * *
The giant frog hits you.
* * * LOW HITPOINT WARNING * * *
Your unstable footing causes you to fumble your attack.
The giant frog hits you but does no damage.
The giant frog hits you.
You die...

##........................≈
#..≈≈≈≈≈≈≈s≈≈≈≈≈≈≈≈≈≈≈≈≈≈≈≈
#.≈≈≈≈≈≈≈≈≈≈≈≈≈≈≈≈≈≈≈≈≈≈≈≈≈
#.≈≈≈≈≈≈≈≈≈≈≈≈≈≈≈≈≈≈≈≈≈≈≈≈≈
#.≈≈≈≈..≈≈≈≈≈≈≈≈≈≈.........
#.≈≈≈.≈≈≈≈≈≈≈≈≈≈≈≈≈≈≈≈#####
#≈≈≈≈.≈≈≈≈≈≈≈≈≈≈≈≈≈≈≈≈≈≈#
#≈≈≈≈≈≈≈≈≈≈≈≈≈≈≈≈≈≈≈≈≈≈≈#
#≈≈≈≈≈≈≈≈≈@.≈≈≈≈≈≈≈≈≈≈≈≈≈#
#≈≈≈≈≈≈≈≈†F≈...≈=.≈≈≈≈≈≈≈#
#≈≈≈≈≈≈≈≈≈≈≈.≈≈!$%.≈≈≈≈≈≈#
#.≈≈≈≈≈≈≈≈≈≈≈...$.≈≈≈≈≈≈≈#
#≈≈≈≈≈≈≈≈≈≈..≈≈≈.≈≈≈≈≈≈≈≈#
#≈≈≈≈≈#≈≈≈≈∩≈≈≈≈≈≈≈≈≈≈≈≈##
#≈≈≈≈≈##≈≈≈≈≈≈≈≈≈≈≈≈≈≈≈##
#.≈≈≈≈####≈≈≈≈≈≈≈≈ #.≈≈≈≈#
###≈≈≈≈


You could see a giant frog and a giant cockroach.

Vanquished Creatures
  The ghost of filipzpl the Magician, an amateur DEWz (D:3)
  A giant frog (Sewer)
  Ijyb (D:3)
  Natasha (thrice) (D:2)
  3 adders
  An ooze (D:1)
  A worm (D:2)
  5 giant geckos
  An orc (D:3)
  5 ball pythons
  5 giant cockroaches
  5 goblins
  5 hobgoblins
  2 quokkas
  7 bats
  4 giant newts (Sewer)
  5 kobolds
  7 rats
62 creatures vanquished.

Notes
Turn   | Place    | Note
--------------------------------------------------------------
     0 | D:1      | filipzpl the Minotaur Fighter began the quest for the Orb.
     0 | D:1      | Reached XP level 1. HP: 19/19 MP: 0/0
   142 | D:1      | Reached XP level 2. HP: 18/27 MP: 1/1
   468 | D:1      | Reached skill level 4 in Fighting
   924 | D:2      | Noticed Natasha
   929 | D:2      | Killed Natasha
   929 | D:2      | Reached XP level 3. HP: 33/33 MP: 2/2
  1107 | D:2      | Noticed Natasha
  1115 | D:2      | Killed Natasha
  1115 | D:2      | Reached XP level 4. HP: 19/41 MP: 3/3
  1334 | D:2      | Noticed Natasha
  1341 | D:2      | Killed Natasha
  1377 | D:2      | Found a burning altar of Makhleb.
  1377 | D:2      | Found an oddly glowing altar of Pakellas.
  1378 | D:2      | Found a shattered altar of Ashenzari.
  1719 | D:3      | Reached skill level 5 in Fighting
  1743 | D:3      | Noticed Ijyb
  1752 | D:3      | Killed Ijyb
  1752 | D:3      | Reached XP level 5. HP: 38/48 MP: 4/4
  1929 | D:3      | Noticed filipzpl's ghost (amateur DEWz)
  1934 | D:3      | Killed filipzpl's ghost
  1934 | D:3      | Reached skill level 5 in Axes
  1951 | D:3      | Reached skill level 5 in Armour
  1951 | D:3      | Reached XP level 6. HP: 48/56 MP: 5/5
  1992 | D:3      | Found a white marble altar of Elyvilon.
  2227 | D:3      | Found a glowing drain.
  2234 | Sewer    | Entered a sewer
  2520 | Sewer    | HP: 2/57 [giant frog (4)]
  2521 | Sewer    | Slain by a giant frog

Vault maps used:
D:1:      evilmike_arrival_crescent
D:2:      gammafunk_temple_overflow_claw, uniq_natasha
D:3:      lemuel_doored_altar, lightli_sewer_entry_pipes, uniq_iyjb
Sewer:    sewer_frog_island_01

Action                   |  1- 3 |  4- 6 || total
-------------------------+-------+-------++-------
Melee: War axe           |    64 |   118 ||   182
  Eat: Chunk             |       |     3 ||     3
       Pizza             |       |     1 ||     1
